 Dungeon Crawl Stone Soup version 0.30-a0-728-gc68057be0a (webtiles) character file.

Game seed: 3463902969285068683

1737 Bnni the Magician (level 9, -5/67 HPs)
             Began as a Djinni Fire Elementalist on Jan 30, 2023.
             Shot with a sling bullet by Joseph (18 damage)
             ... on level 7 of the Dungeon.
             The game lasted 00:12:19 (3834 turns).

Bnni the Magician (Djinni Fire Elementalist)        Turns: 3834, Time: 00:12:20

Health: -5/67      AC:  5    Str:  7    XL:     9   Next: 26%
Gold:   244        EV: 12    Int: 22    God:
                   SH:  0    Dex: 13

rFire   + + .      SeeInvis .    n - +0 quarterstaff
rCold   . . .      Faith    .    (shield currently unavailable)
rNeg    . . .      Spirit   .    s - +1 robe {rC+}
rPois   ∞          Reflect  .    (no helmet)
rElec   .          Harm     .    o - +1 cloak "Nugebiqa" {Will+}
rCorr   .          Rampage  .    (no gloves)
Will    +....                    (boots unavailable)
Stlth   ++                       (no amulet)
HPRegen 0.31/turn                (no ring)
MPRegen 0.00/turn                (no ring)

@: flying
A: sickness immunity, fire resistance 2, cold vulnerability 1, float, innate
caster, HP casting, extra vitality 1
a: no special abilities


You were on level 7 of the Dungeon.
You visited 1 branch of the dungeon, and saw 6 of its levels.

You collected 244 gold pieces.

Inventory:

Hand Weapons
 n - a +0 quarterstaff (weapon)
Missiles
 q - 4 curare-tipped darts
Armour
 o - the +1 cloak "Nugebiqa" (worn) {Will+}
   (You found it on level 4 of the Dungeon)

   Will:      It increases your willpower.
 s - a +1 robe of cold resistance (worn)
Jewellery
 t - the ring "Gule" {*Slow Fly rN+ Will+++ AC+4}
   (You found it on level 7 of the Dungeon)

   [ring of protection]

   AC:        It affects your AC (+4).
   rN:        It protects you from negative energy.
   Fly:       It grants you flight.
   *Slow:     It may slow you when you take damage.
   Will:      It greatly increases your willpower.
Scrolls
 c - 5 scrolls of identify {unknown}
 d - 6 scrolls of teleportation {unknown}
 h - 4 scrolls of enchant weapon {unknown}
 i - 3 scrolls of vulnerability {unknown}
 l - a scroll of blinking {unknown}
 m - a scroll of immolation {unknown}
Potions
 a - a potion of ambrosia {unknown}
 b - 2 potions of magic
 e - a potion of heal wounds {unknown}
 f - 3 potions of curing {unknown}
 g - a potion of flight {unknown}
 j - 2 potions of brilliance {unknown}
 k - a potion of haste {unknown}
 p - a potion of mutation {unknown}
 r - a potion of attraction {unknown}


   Skills:
 + Level 6.3 Fighting
 - Level 2.1 Dodging
 - Level 1.5 Stealth
 * Level 7.5 Spellcasting


You had one spell level left.
You knew the following spells:

 Your Spells              Type           Power      Damage    Failure   Level
a - Foxfire               Conj/Fire      100%       2x1d9     1%          1
b - Scorch                Fire           82%        2d9       1%          2
c - Kindle Blastsparks    Fire/Tloc/Air  82%        2d16      1%          3
d - Inner Flame           Hex/Fire       41%        N/A       1%          3
e - Flame Wave            Conj/Fire      41%        2d11      3%          4
f - Summon Small Mammal   Summ           100%       N/A       1%          1
g - Passwall              Tmut/Erth      34%        N/A       1%          2
h - Call Imp              Summ           41%        N/A       1%          2
i - Petrify               Tmut/Erth      41%        N/A       3%          4
Your spell library was empty.

Dungeon Overview and Level Annotations

Branches:
Dungeon (7/15)
 Temple: D:4-7

Altars:

Annotations:
D:7 Joseph


Innate Abilities, Weirdness & Mutations

You are immune to sickness and miasma.
You are immune to poison.
Your flesh is very heat resistant. (rF++)
You are vulnerable to cold. (rC-)
You float through the air rather than walking.
You learn spells naturally, not from books.
Your magical power is your life essence.
You have superior vitality. (+4 MHP)


Message History

HP restored.
You see here a howler monkey corpse.
t - the ring "Gule" {*Slow Fly rN+ Will+++ AC+4}
There are no items here.
Okay, then.
Unknown command.
Okay, then.
Unknown command.
Joseph, a Mercenary comes into view.
He is wielding a +0 quarterstaff and quivering poisoned darts.
Joseph shouts!
Joseph unwields a +0 quarterstaff.
Joseph wields a +0 sling.
Joseph shoots a sling bullet.
The sling bullet hits you!
An orc wizard comes into view. It is wielding a +0 dagger.
The orc wizard shouts!
Casting: Foxfire (safe; 1% risk of failure)
Confirm with . or Enter, or press ? or * to list all spells.
You conjure some foxfire!
Your foxfire dissipates!
Found 13 gold pieces.
Joseph shoots a sling bullet.
The sling bullet hits you!
Found a stone staircase leading down.
The foxfire hits the orc wizard.
The orc wizard is lightly wounded.
Joseph shoots a sling bullet.
The sling bullet hits you!
Casting: Foxfire (safe; 1% risk of failure)
Confirm with . or Enter, or press ? or * to list all spells.
You conjure some foxfire!
The foxfire hits the orc wizard.
The orc wizard is lightly wounded.
Casting: Foxfire (safe; 1% risk of failure)
Confirm with . or Enter, or press ? or * to list all spells.
Aiming: Inner Flame (safe; 1% risk of failure)
Press: ? - help, Dir - move target, f - orc wizard
Aim: an orc wizard, wielding a +0 dagger and wearing a +0 robe (lightly wounded, ally target, chance to affect: 90%)
Okay, then.
Casting: Inner Flame (safe; 1% risk of failure)
Confirm with . or Enter, or press ? or * to list all spells.
The foxfire hits the orc wizard.
The orc wizard is moderately wounded.
Joseph shoots a sling bullet.
The sling bullet hits you!
* * * LOW HITPOINT WARNING * * *
Joseph shoots a sling bullet.
The sling bullet hits you!!
You die...

########### #.........#
. #.#######.# ... #.#
#.# #..## ###.#
##@##.....#
#####...######.o...#
.......†........r......>
#######..........#......
..# ###...@....#.#....
#.# #..........# # .$.
#.###.##......<# ..
#.#...##.......# .
####.#.####.......#


You could see Joseph, an orc wizard (ally target) and a friendly quokka
(summoned).

Vanquished Creatures
  Pikel (D:6)
  Grinder (D:6)
  Sigmund (D:6)
  2 water moccasins (D:6)
  An ice beast (D:6)
  A centaur (D:6)
  A phantom (D:4)
  A lemure (D:6)
  A howler monkey (D:7)
  3 jellies
  3 hounds (D:6)
  3 iguanas
  An orc wizard (D:3)
  6 adders
  An ufetubus (D:4)
  A worm (D:2)
  2 dart slugs
  7 orcs
  9 endoplasms
  3 giant cockroaches
  6 goblins
  8 hobgoblins
  4 jackals (D:2)
  6 kobolds
  6 quokkas
  8 ball pythons
  5 bats
  7 frilled lizards
  6 rats
105 creatures vanquished.

Vanquished Creatures (others)
  258 foxfires
258 creatures vanquished.

Grand Total: 363 creatures vanquished

Notes
Turn   | Place    | Note
-------+----------+-------------------------------------------
     0 | D:1      | Bnni the Djinni Fire Elementalist began the quest for the
                  | Orb.
     0 | D:1      | Bnni set off with the following spells memorised: Foxfire,
                  | Scorch, Kindle Blastsparks, Inner Flame, Flame Wave.
     0 | D:1      | Reached XP level 1. HP: 15/15 MP: 0/0
    50 | D:1      | Reached XP level 2. HP: 22/22 MP: 0/0
   195 | D:1      | Reached skill level 1 in Fighting
   252 | D:1      | Reached XP level 3. HP: 26/27 MP: 0/0
   252 | D:1      | Learned a level 1 spell: Summon Small Mammal
   375 | D:1      | Reached skill level 3 in Spellcasting
  1097 | D:2      | Reached XP level 4. HP: 29/33 MP: 0/0
  1376 | D:2      | Noticed a floating eye
  1378 | D:2      | Found a faded altar of an unknown god.
  1380 | D:2      | Noticed a shining eye
  1380 | D:2      | Noticed an eye of devastation
  1380 | D:2      | Noticed an eye of devastation
  1382 | D:2      | Reached XP level 5. HP: 38/38 MP: 0/0
  1382 | D:2      | Learned a level 2 spell: Passwall
  1942 | D:3      | Reached skill level 4 in Spellcasting
  2368 | D:4      | Noticed a phantom
  2373 | D:4      | Killed a phantom
  2374 | D:4      | Reached XP level 6. HP: 29/46 MP: 0/0
  2535 | D:4      | Identified the +1 cloak "Nugebiqa" {Will+}
  2663 | D:4      | You are sucked into a shaft and drop 2 floors!
  2712 | D:6      | Noticed a water moccasin
  2722 | D:6      | Killed a water moccasin
  2723 | D:6      | Reached skill level 5 in Spellcasting
  2723 | D:6      | Reached XP level 7. HP: 35/51 MP: 0/0
  2723 | D:6      | Learned a level 2 spell: Call Imp
  2956 | D:6      | Noticed Grinder
  2966 | D:6      | Killed Grinder
  2967 | D:6      | Reached XP level 8. HP: 51/58 MP: 0/0
  3120 | D:6      | Reached skill level 6 in Spellcasting
  3273 | D:6      | Reached skill level 5 in Fighting
  3334 | D:6      | Noticed Sigmund
  3339 | D:6      | Killed Sigmund
  3398 | D:6      | Noticed Pikel
  3407 | D:6      | Killed Pikel
  3408 | D:6      | Reached skill level 7 in Spellcasting
  3408 | D:6      | Reached XP level 9. HP: 56/66 MP: 0/0
  3408 | D:6      | Learned a level 4 spell: Petrify
  3817 | D:7      | Identified the ring "Gule" {*Slow Fly rN+ Will+++ AC+4}
  3828 | D:7      | Noticed Joseph
  3834 | D:7      | Shot with a sling bullet by Joseph

Illustrated notes

Levels and vault maps discovered:
D:1:      dpeg_arrival_rooms_with_view, layout_basic,
          nicolae_concentric_dashed_squares_mild, serial_bayou_pond_a
D:2:      layout_basic, hellmonk_ecumenical_altar_watching_god
D:3:      layout_rooms, nicolae_concentric_dashed_squares_wild
D:4:      layout_basic, kennysheep_ying_yang, temple_fountains, serial_curves,
          eino_curves_01, eino_curves_02, eino_curves_04
D:6:      layout_loops_ring, fiery_altar_vehumet, uniq_sigmund, uniq_pikel,
          uniq_grinder
D:7:      layout_basic, minmay_shattered_shrine, uniq_joseph, uniq_duvessa

Skill      XL: |  1  2  3  4  5  6  7  8 |
---------------+-------------------------+-----
Fighting       | 1 2 3 4 6 |  6.3
Spellcasting   | 3 4 5 7 |  7.5
Dodging        | |  2.1
Stealth        | |  1.5

Action                     |  1- 3 |  4- 6 |  7- 9 || total
---------------------------+-------+-------+-------++-------
  Melee: Unarmed           |     2 |       |       ||     2
   Cast: Foxfire           |    39 |    86 |    37 ||   162
         Scorch            |     7 |     6 |     1 ||    14
         Inner Flame       |     1 |    12 |    13 ||    26
         Kindle Blastspark |     1 |     2 |     3 ||     6
         Summon Small Mamm |     1 |       |     5 ||     6
         Call Imp          |       |       |     2 ||     2
 Armour: Robe              |     4 |       |     2 ||     6
  Dodge: Dodged            |    10 |     7 |     4 ||    21

Table legend: (Time is in decaauts)
 A = Elapsed time spent in this place.
 B = Non-inter-level travel time spent in this place.
 C = Inter-level travel time spent in this place.
 D = Time resting spent in this place.
 E = Time spent auto-exploring this place.
 F = Levels seen in this place.
 G = Mean time per level.
                   A        B        C        D        E       F      G
               +--------+--------+--------+--------+--------+-----+--------+
         Total |   3832 |   3769 |     63 |     57 |   3030 |   6 |  638.7 |
       Dungeon |   3832 |   3769 |     63 |     57 |   3030 |   6 |  638.7 |
               +--------+--------+--------+--------+--------+-----+--------+

Top non-repeatable levels by time:
     D:6: 1108 daAuts
     D:2: 887 daAuts
     D:1: 788 daAuts
     D:3: 677 daAuts
     D:4: 308 daAuts
     D:7: 61 daAuts
